 Dungeon Crawl Stone Soup version 0.25.1-9-gc5326a611f (webtiles) character file.

Game seed: 9549913964610025233

437 tkbsonic5 the Chucker (level 7, -19/52 HPs)
             Began as a Human Hunter on July 4, 2021.
             Demolished by an ogre
             ... wielding a +0 giant club
              (36 damage)
             ... on level 4 of the Dungeon on Nov 7, 2021.
             The game lasted 00:21:43 (4789 turns).

tkbsonic5 the Chucker (Human Hunter)                Turns: 4789, Time: 00:21:45

Health: -19/52     AC:  7    Str: 12    XL:     7   Next: 21%
Magic:  7/7        EV: 13    Int: 11    God:
Gold:   149        SH:  0    Dex: 16    Spells: 6/6 levels left

rFire    . . .     SeeInvis .   y - +0 halberd
rCold    . . .     Gourm    .   (shield currently unavailable)
rNeg     . . .     Faith    +   b - +1 leather armour
rPois    .         Spirit   .   (no helmet)
rElec    .         Reflect  .   (no cloak)
rCorr    .         Harm     .   x - +2 pair of gloves
MR       +....                  (no boots)
Stlth    ++........             r - amulet of faith
HPRegen  0.17/turn              v - ring of protection from magic
MPRegen  0.10/turn              (no ring)

@: no status effects
A: no striking features
a: no special abilities


You were on level 4 of the Dungeon.
You were not hungry.

You visited 1 branch of the dungeon, and saw 4 of its levels.

You collected 149 gold pieces.

Inventory:

Hand Weapons
 a - a +0 short sword
 i - a +0 spear
 j - a +0 long sword of holy wrath {positions}
 s - a +0 hunting sling
 y - a +0 halberd (weapon)
Missiles
 d - a throwing net
 h - 2 javelins (quivered)
 l - a boomerang
 t - 116 stones
 u - 6 datura-tipped darts
Armour
 b - a +1 leather armour (worn)
 x - a +2 pair of gloves (worn)
Magical Staves
 z - an uncursed staff of summoning {unknown}
Jewellery
 g - an uncursed amulet of reflection
 r - an amulet of faith (around neck)
 v - a ring of protection from magic (left hand)
Scrolls
 c - a scroll of magic mapping
 k - a scroll of remove curse
 n - 6 scrolls of teleportation
 q - a scroll of enchant weapon {unknown}
 A - a scroll of random uselessness {unknown}
Potions
 e - a potion of stabbing {unknown}
 m - a potion of invisibility {unknown}
 o - 2 potions of lignification
 p - a potion of haste {unknown}
 w - a potion of degeneration {unknown}
Comestibles
 f - 9 rations


   Skills:
 * Level 3.0 Fighting
 - Level 0.5 Long Blades
 * Level 1.6 Polearms
 * Level 5.9 Throwing
 + Level 1.8 Armour
 + Level 2.9 Dodging
 * Level 3.5 Stealth


You had 6 spell levels left.
You didn't know any spells.
Your spell library was empty.

Dungeon Overview and Level Annotations

Branches:
Dungeon (4/15)
 Temple: D:4-7

Altars:
Ru


Message History

Okay, then.
The ogre struggles against the net.
The net rips apart, and the ogre comes free!
Quivering
h - 2 javelins for throwing.
Throwing (i - inventory. (/) - cycle)
h - 2 javelins (quivered)
Press: ? - help, Shift-Dir - straight line, f - you Really target yourself?
Okay, then.
Throwing (i - inventory. (/) - cycle)
h - 2 javelins (quivered)
Press: ? - help, Shift-Dir - straight line, f - you
Okay, then.
The ogre refuses to make way for you. (Use ctrl+direction or * direction to attack.) Unknown command.
The ogre barely misses you.
The ogre hits you with a +0 giant club!!
You hear the rapid rusting of a distant drain.
The ogre completely misses you.
The ogre hits you with a +0 giant club!!!
Ouch! That really hurt!
You die...

......#.รท.#......#.............
......#...#......#............
......#...#...โ‰ˆ..............
#...###..##....โ‰ˆ.....####..# ###
##'####..#......โ‰ˆ.#'#####..####..
....#....'.......................
....#....#.......................
....#....#.............).........
....#....#......@O.>...).........
....#....#......#................
#...##...#......#....##.##.####.#
#...#######.....#....##.##.####.#
'...#.....#.....#................
#...#.....#.....#......()........
#...#.....#.....#................
#...#.....#.....#.....(.##...##..
#...#.....#.....#.......##...# ..


You could see a neutral ogre (fast, strong, insane).

Vanquished Creatures
  A scorpion (D:4)
  An orc priest (D:3)
  2 hounds (D:4)
  2 orc wizards
  A hound skeleton (D:4)
  4 gnolls
  8 adders
  An ooze (D:2)
  2 worms (D:2)
  4 dart slugs
  A leopard gecko (D:3)
  13 orcs
  2 ball pythons
  10 bats
  4 giant cockroaches
  10 goblins
  10 hobgoblins
  4 jackals
  2 quokkas
  9 frilled lizards
  4 kobolds
  A leopard gecko skeleton (D:4)
  6 rats
102 creatures vanquished.

Vanquished Creatures (others)
  A kobold (D:2)
1 creature vanquished.

Grand Total: 103 creatures vanquished

Notes
Turn   | Place    | Note
-------+----------+-------------------------------------------
     0 | D:1      | tkbsonic5 the Human Hunter began the quest for the Orb.
     0 | D:1      | Reached XP level 1. HP: 16/16 MP: 1/1
    79 | D:1      | Reached XP level 2. HP: 22/22 MP: 2/2
   695 | D:1      | Reached XP level 3. HP: 27/27 MP: 3/3
  1217 | D:2      | Reached skill level 5 in Throwing
  1396 | D:2      | Reached XP level 4. HP: 33/33 MP: 4/4
  2321 | D:2      | Reached XP level 5. HP: 31/39 MP: 5/5
  2825 | D:2      | Found a sacrificial altar of Ru.
  2908 | D:2      | Reached skill level 1 in Armour
  3169 | D:3      | Found a faded altar of an unknown god.
  3189 | D:3      | Reached XP level 6. HP: 46/46 MP: 6/6
  3743 | D:3      | Reached skill level 1 in Polearms
  4638 | D:4      | Reached XP level 7. HP: 48/51 MP: 7/7
  4789 | D:4      | Demolished by an ogre

Illustrated notes

Levels and vault maps discovered:
D:1:      noname_arrival_rooms_in_the_neighbourhood, layout_basic,
          chequers_serial_rivers_marsh, minmay_box_of_dots
D:2:      minmay_chambers_of_ones, layout_loops_ring, marbit_many_paths,
          first_ration, chequers_decorated_corner
D:3:      layout_loops_corners, chequers_ecumenical_altar_simple
D:4:      layout_gridville, kennysheep_vampire_church, portal_sewer_entry_d,
          chequers_serial_rivers_micro_c

Skill      XL: |  1  2  3  4  5  6  7 |
---------------+----------------------+-----
Throwing       | 5 |  5.9
Stealth        | 2 3 |  3.5
Armour         | 1 |  1.8
Polearms       | 1 |  1.6
Fighting       | 3 |  3.0
Long Blades    | |  0.5
Dodging        | |  2.9

Action                   |  1- 3 |  4- 6 |  7- 9 || total
-------------------------+-------+-------+-------++-------
Melee: Short sword       |    13 |       |       ||    13
       Spear             |    84 |    44 |       ||   128
       Halberd           |       |   133 |    14 ||   147
Throw: Boomerang         |    18 |     2 |       ||    20
       Javelin           |       |    52 |     6 ||    58
       Dart              |       |    11 |     1 ||    12
       Throwing net      |       |     2 |     1 ||     3
  Use: Scroll            |       |    11 |       ||    11
       Potion            |       |     1 |       ||     1
 Stab: Sleeping          |     1 |     3 |       ||     4
       Held in net/web   |       |     1 |       ||     1
  Eat: Chunk             |     2 |     9 |     2 ||    13
Armor: Leather armour    |    25 |    79 |     7 ||   111
Dodge: Dodged            |   103 |   140 |    20 ||   263
